Map: Apotheosis LE

Players

Gracz - Winner!

  • Race: Protoss Protoss

Void

  • Race: Terran Terran
  • League: Silver

VOD

Have the link to the VOD?

Description

Time

  • Played on: Oct. 20, 2016, 11:46 a.m.
  • Length: 15:14
Show
View Real Time Build Order
Export as new Build Order

Gracz Protoss - Winner!

Build Orders: 1 Gate Expand 

Get SALT Encoding   

  12  0:01  Probe (Chrono Boost)  
  13  0:19  Probe (Chrono Boost)  
  14  0:23  Pylon  
  14  0:32  Probe (Chrono Boost)  
  15  0:36  Assimilator  
  15  0:49  Gateway  
  15  1:14  Unknown, Nexus  
  15  1:45  Cybernetics Core  
  15  1:46  Gateway  
  15  1:56  Pylon  
  15  2:01  Probe (Chrono Boost)  
  16  2:11  Probe (Chrono Boost)  
  17  2:16  Warp Gate  
  17  2:26  Unknown, Probe (Chrono Boost)  
  17  2:27  Probe (Chrono Boost)  
  19  2:36  Probe (Chrono Boost)  
  20  2:39  Probe (Chrono Boost)  
  21  2:47  Probe (Chrono Boost)  
  23  2:51  Probe (Chrono Boost)  
  23  2:57  Probe (Chrono Boost)  
  24  3:03  Probe (Chrono Boost)  
  25  3:06  Gateway  
  25  3:08  Probe (Chrono Boost)  
  25  3:10  Assimilator  
  26  3:15  Probe (Chrono Boost)  
  26  3:19  Probe (Chrono Boost)  
  29  3:28  Probe (Chrono Boost)  
  29  3:29  Probe (Chrono Boost)  
  29  3:31  Pylon  
  30  3:40  Probe x2 (Chrono Boost)  
  32  3:45  Pylon  
  32  3:51  Mothership Core (Chrono Boost)  
  32  3:52  Probe (Chrono Boost)  
  36  4:04  Probe (Chrono Boost)  
  36  4:09  Probe (Chrono Boost), Twilight Council  
  37  4:15  Gateway  
  37  4:16  Gateway, Probe (Chrono Boost)  
  38  4:19  Robotics Facility  
  38  4:20  Robotics Facility  
  38  4:22  Robotics Facility  
  38  4:33  Forge  
  38  4:42  Assimilator, Probe (Chrono Boost)  
  38  4:44  Assimilator, Unknown, Nexus, Probe (Chrono Boost)  
  40  4:53  Probe (Chrono Boost)  
  41  5:07  Stalker x2  
  42  5:18  Pylon  
  42  5:19  Pylon  
  41  5:30  Pylon  
  36  5:49  Stalker  
  38  5:50  Stalker x3  
  38  5:56  Unknown  
  42  6:07  Unknown, Nexus  
  42  6:09  Blink  
  42  6:12  Pylon  
  42  6:15  Pylon, Probe (Chrono Boost)  
  42  6:16  Probe (Chrono Boost)  
  42  6:18  Pylon  
  44  6:26  Probe (Chrono Boost)  
  44  6:28  Forge, Probe (Chrono Boost)  
  44  6:30  Templar Archives  
  46  6:36  Probe (Chrono Boost)  
  46  6:38  Forge  
  48  6:40  Probe (Chrono Boost)  
  48  6:46  Stalker x2  
  52  7:03  Stalker x2  
  52  7:07  Probe (Chrono Boost)  
  52  7:08  Probe (Chrono Boost)  
  58  7:13  Assimilator  
  58  7:15  Assimilator  
  58  7:17  Probe (Chrono Boost)  
  58  7:19  Unknown  
  58  7:20  Probe (Chrono Boost)  
  60  7:23  Psionic Storm  
  60  7:36  Probe x2 (Chrono Boost)  
  63  7:37  Probe (Chrono Boost)  
  63  7:44  Stalker  
  63  7:47  Probe x2 (Chrono Boost)  
  63  7:49  Immortal  
  63  7:50  Probe (Chrono Boost)  
  68  7:57  Probe (Chrono Boost)  
  74  7:59  Protoss Ground Weapons Level 1, Probe (Chrono Boost)  
  74  8:02  Probe (Chrono Boost)  
  75  8:08  Probe (Chrono Boost)  
  75  8:11  Probe (Chrono Boost)  
  78  8:14  Probe (Chrono Boost)  
  78  8:18  Probe (Chrono Boost)  
  78  8:19  Stalker  
  81  8:20  Stalker x3  
  81  8:23  Probe (Chrono Boost)  
  88  8:30  Gateway  
  88  8:32  Gateway  
  88  8:43  Stalker x3  
  88  8:44  Stalker  
  88  8:46  Immortal  
  100  8:58  Immortal  
  100  9:09  Pylon  
  100  9:14  Pylon  
  100  9:17  Pylon  
  100  9:21  Pylon  
  100  9:22  Robotics Bay  
  100  9:24  Pylon  
  100  9:26  Stargate  
  100  9:29  Pylon  
  100  9:33  Stalker x2  
  100  9:34  Protoss Shields Level 1, Stalker x2  
  108  9:39  Protoss Ground Armor Level 1, Immortal  
  108  9:43  Immortal  
  108  9:44  Immortal  
  120  10:09  Photon Cannon  
  120  10:11  Photon Cannon  
  120  10:14  Photon Cannon  
  120  10:16  Photon Cannon  
  120  10:36  High Templar  
  120  10:37  High Templar x3  
  128  10:44  Photon Cannon  
  128  10:45  Photon Cannon  
  128  10:47  Gateway  
  128  10:48  Gateway, Photon Cannon  
  128  10:50  Photon Cannon  
  128  10:52  Gateway  
  128  10:54  Gateway  
  128  10:55  Gateway  
  128  10:56  Gateway  
  128  10:57  Disruptor, Extended Thermal Lance  
  128  11:00  Fleet Beacon  
  111  11:33  Stalker  
  111  11:34  Stalker x5  
  90  12:01  Stalker x2  
  90  12:07  Stalker  
  90  12:08  Stalker  
  98  12:09  Stalker  
  100  12:17  Stalker  
  102  12:24  Pylon  
  102  12:25  Pylon  
  102  12:29  Pylon  
  102  12:30  Robotics Facility  
  102  12:33  Robotics Facility  
  102  12:39  High Templar  
  102  12:40  High Templar x2  
  102  12:41  High Templar  
  102  12:42  Stalker x2  
  114  12:45  Archon  
  114  12:56  Unknown, Nexus  
  114  13:00  Pylon  
  114  13:05  Pylon  
  114  13:08  Pylon  
  114  13:11  Archon  
  114  13:12  Stalker  
  116  13:13  Stalker x3  
  116  13:14  Stalker  
  116  13:15  Stalker  
  126  13:27  Colossus  
  126  13:29  Disruptor x2  
  129  13:40  Stalker  
  140  13:49  Assimilator  
  140  13:51  Stalker x2  
  140  13:52  Stalker x2  
  140  13:53  Assimilator  
  148  13:57  Stalker  
  148  13:59  Stalker  
  152  14:08  Unknown  
  152  14:16  Stalker x3  
  158  14:17  Stalker  
  110  14:55  Stalker x4  
  110  14:56  Stalker x2  
  110  14:57  Stalker  
Show
View Real Time Build Order
Export as new Build Order

Void Terran 

Build Orders: MMM Bio 

Get SALT Encoding   

  12  0:02  SCV  
  13  0:14  SCV  
  14  0:26  SCV  
  14  0:27  Supply Depot  
  15  0:31  Refinery  
  15  0:49  SCV  
  16  0:53  Barracks  
  16  0:56  Supply Depot  
  16  1:01  SCV  
  17  1:19  Barracks  
  17  1:24  SCV  
  18  1:36  SCV  
  19  1:45  Barracks Tech Lab  
  19  1:46  Barracks  
  19  1:48  SCV  
  20  2:01  SCV  
  21  2:07  Marauder  
  21  2:08  Barracks Tech Lab  
  23  2:15  Supply Depot  
  23  2:26  Stimpack  
  23  2:28  Marauder  
  23  2:29  Marauder  
  27  2:36  Refinery  
  27  2:44  Barracks Reactor  
  27  2:55  Engineering Bay, Marauder  
  27  2:56  Marine  
  30  3:07  Orbital Command  
  30  3:16  Marauder  
  32  3:22  Marauder  
  34  3:38  Missile Turret  
  34  3:40  Marine, Marauder  
  37  3:46  Marine  
  37  3:47  Marine  
  39  3:54  Terran Infantry Weapons Level 1  
  39  4:11  Supply Depot  
  39  4:33  SCV  
  41  4:40  Unknown, Command Center  
  41  4:42  Marine x2, Marauder  
  41  4:44  Combat Shields  
  41  4:45  SCV  
  45  4:54  Marauder  
  45  5:20  Marauder  
  47  5:32  Marine  
  47  5:34  Marine  
  47  5:40  Marauder  
  41  5:50  Marine  
  41  5:52  Unknown  
  41  5:54  Marine, Marauder  
  41  6:01  Marauder  
  41  6:02  Orbital Command  
  41  6:04  SCV  
  41  6:07  Marine  
  43  6:15  Marine, Marauder  
  43  6:16  SCV  
  47  6:19  Terran Infantry Armor Level 1  
  47  6:28  Marauder  
  47  6:29  Concussive Shells, SCV  
  47  6:31  Marine  
  51  6:33  Marine  
  52  6:41  Factory  
  52  6:42  SCV  
  53  6:53  Marine, Marauder  
  53  6:54  Marine, Marauder  
  59  6:58  SCV x2  
  61  7:08  Supply Depot  
  61  7:10  SCV  
  61  7:15  SCV, Marauder  
  65  7:19  Marine, Marauder  
  68  7:31  Starport  
  68  7:36  Supply Depot  
  68  7:37  SCV  
  68  7:41  Marauder  
  71  7:46  Factory Reactor  
  71  7:57  Marine x2  
  71  7:58  Armory, Marauder  
  75  8:06  Engineering Bay  
  75  8:10  Medivac  
  77  8:27  Missile Turret  
  77  8:33  Marine, Marauder x2  
  86  8:39  Marine  
  87  8:42  Supply Depot  
  87  8:51  Marine  
  87  8:54  Marine  
  82  9:05  Marine, Marauder  
  82  9:08  Marine  
  86  9:37  Medivac x2  
  90  9:39  Terran Infantry Weapons Level 2  
  90  9:49  Refinery  
  90  9:53  Marine x2, Refinery, Marauder x2  
  96  10:07  Medivac  
  96  10:11  Marine x2  
  96  10:13  Supply Depot  
  100  10:14  Marauder  
  100  10:15  Terran Infantry Armor Level 2  
  102  10:35  Marauder  
  104  10:41  Marine x2  
  104  10:42  Marauder  
  69  11:46  Marauder x2  
  66  12:01  Medivac x2  
  58  12:07  Marauder x2  
  64  12:19  Marine x2, Supply Depot  
  66  12:28  Terran Infantry Weapons Level 3  
  66  12:29  Marauder x2  
  70  12:31  Medivac, Terran Infantry Armor Level 3  
  72  12:46  Marine x2  
  72  12:50  Marauder x2  
  78  13:04  Marine  
  79  13:07  Medivac x2  
  79  13:09  Marine  
  79  13:11  Marauder  
  79  13:12  Marauder  
  88  13:22  Marine  
  89  13:27  Marine, Factory Tech Lab  
  89  13:30  Barracks  
  89  13:32  Marine  
  89  13:33  Marauder  
  93  13:34  Supply Depot  
  93  13:39  Marine  
  94  13:44  Medivac  
  94  13:45  Marine  
  97  13:51  Marauder  
  97  13:54  Marauder  
  101  13:57  Marine  
  102  14:12  Marauder  
  102  14:13  Marine  
  102  14:16  Marauder  
  107  14:18  Barracks Tech Lab  
  102  14:34  Marauder  
Tags
 
Add a new tag
Caveats
  • Supply blocks, unpowered buildings, or Contaminate may cause inaccurate times.
  • Supply counts are checked every 10 seconds.